 Dungeon Crawl Stone Soup version 0.31-a0-202-g547052bce9 (webtiles) character file.

Game seed: 2202104186364285468

16 qw the Shooter (level 2, -1/16 HPs)
             Began as a Deep Elf Hunter on June 26, 2023.
             Slain by a jackal (3 damage)
             ... on level 2 of the Dungeon.
             The game lasted 00:00:14 (1028 turns).

qw the Shooter (Deep Elf Hunter)                    Turns: 1028, Time: 00:00:14

Health: -1/16      AC:  6    Str:  8    XL:     2   Next: 41%
Magic:  4/4        EV:  5    Int: 13    God:
Gold:   13         SH:  0    Dex: 18    Spells: 1/1 levels left

rFire   . . .        Y - +0 shortbow
rCold   . . .        (shield currently unavailable)
rNeg    . . .        e - +0 scale mail
rPois   .            (no helmet)
rElec   .            (no cloak)
rCorr   .            (no gloves)
SInv    .            (no boots)
Will    .....        (no amulet)
Stlth   +            (no ring)
HPRegen 0.22/turn    (no ring)
MPRegen 0.09/turn

%: no passive effects
@: lethally poisoned (-1 -> -5), constricted
A: no striking features
a: no special abilities


You were on level 2 of the Dungeon.
You visited 1 branch of the dungeon, and saw 2 of its levels.

You collected 13 gold pieces.


   Skills:
 - Level 1.5 Fighting
 + Level 6.2 Ranged Weapons
 - Level 2.4 Dodging
 - Level 1.2 Stealth


You had one spell level left.
You didn't know any spells.
Your spell library was empty.

Inventory:

Hand Weapons
 Y - a +0 shortbow (weapon)
Armour
 e - a +0 scale mail (worn)

Dungeon Overview and Level Annotations

Branches:
Dungeon (2/15)

Altars:


Message History

You shoot an arrow. The arrow hits the adder!
The adder is almost dead.
The jackal closely misses you. The adder barely misses you.
The jackal bites you but does no damage. x2
The adder barely misses you.
You shoot an arrow. The arrow closely misses the adder.
The arrow hits the ball python.
The ball python is severely wounded.
The jackal barely misses you.
The jackal bites you but does no damage. x2
The jackal bites you. The adder barely misses you.
The jackal bites you but does no damage. x2
You shoot an arrow. The arrow hits the adder.
The adder is almost dead.
The jackal bites you. The jackal barely misses you.
The adder bites you but does no damage. The ball python closely misses you.
The ball python barely misses you. The jackal bites you.
You shoot an arrow. The arrow closely misses the adder.
The jackal bites you. The adder bites you but does no damage.
The ball python bites you. The ball python grabs you.
The ball python constricts you.
The jackal bites you but does no damage.
The jackal bites you. The adder closely misses you.
The ball python bites you but does no damage.
The ball python constricts you. The jackal bites you.
The jackal completely misses you.
You shoot an arrow.
The arrow closely misses the ball python.
The adder barely misses you.
The jackal bites you but does no damage. x2
The ball python bites you but does no damage.
The ball python constricts you. The adder bites you.
You are lethally poisoned!
The adder poisons you!
The jackal bites you but does no damage. x2
The ball python barely misses you. The ball python constricts you.
You shoot an arrow.
The arrow barely misses the ball python.
You feel sick. The adder bites you. The jackal bites you.
You die...

#..........#
#.<........#.#
#..........#.# .
#..........#.# ..
#..........#.####...
#.##...#####........
#.##...# #........
#.##...# ###.h....#
#.##...###..@S....#
#..+...'....Sh.<....
####...###...####...
#...# #...# . #...#
#...# ##### #...#
#...# #..(# #####


You could see an adder, 2 jackals and a ball python.

Vanquished Creatures
  A dart slug (D:2)
  An endoplasm (D:1)
  2 hobgoblins (D:1)
  A jackal (D:2)
  A kobold (D:1)
  3 quokkas (D:1)
  A ball python (D:1)
  A frilled lizard (D:1)
  2 rats (D:1)
13 creatures vanquished.

Notes
Turn   | Place    | Note
-------+----------+-------------------------------------------
     0 | D:1      | qw the Deep Elf Hunter began the quest for the Orb.
     0 | D:1      | Reached XP level 1. HP: 12/12 MP: 3/3
     0 | D:1      | 0 ||| qw: Version: 0.3-a-22-g0ed2b0b
     0 | D:1      | 0 ||| qw: Game counter: 6047
     0 | D:1      | 0 ||| qw: Melee chars always use a shield: true
     0 | D:1      | 0 ||| qw: God list: Okawaru
     0 | D:1      | 0 ||| qw: Allow faded altars: false
     0 | D:1      | 0 ||| qw: Do Orc after clearing Dungeon:15 true
     0 | D:1      | 0 ||| qw: Do second Lair branch before Depths: true
     0 | D:1      | 0 ||| qw: Lair rune preference: random
     0 | D:1      | 0 ||| qw: Goals: Normal
     0 | D:1      | 0 ||| PLANNING D:1-11
   626 | D:1      | Reached XP level 2. HP: 16/16 MP: 4/4
   661 | D:1      | Reached skill level 6 in Ranged Weapons
   932 | D:1      | 932 ||| UPGRADING to +0 scale mail.
   942 | D:1      | 942 ||| DROPPING +0 leather armour.
   943 | D:1      | 943 ||| READING scroll labelled YPABEI DELU.
   944 | D:1      | 944 ||| DRINKING 2 fuming dark potions.
   945 | D:1      | 945 ||| DROPPING scroll of butterflies.
   946 | D:1      | 946 ||| DROPPING potion of magic.
  1028 | D:2      | HP: 3/16 [poisoned by an adder]
  1028 | D:2      | Slain by a jackal

Levels and vault maps discovered:
D:1:      dpeg_arrival_round_a, layout_basic, roderic_serpentine_path
D:2:      layout_basic, hangedman_decor_peaks_small

Skill      XL: |  1  2 |
---------------+-------+-----
Ranged Weapons | 6 |  6.2
Fighting       | |  1.5
Dodging        | |  2.4
Stealth        | |  1.2

Action                     || total
---------------------------++-------
   Fire: Shortbow          ||    50
    Use: Scroll            ||     1
         Potion            ||     1
 Armour: Scale mail        ||    22
         Leather armour    ||     1
  Dodge: Dodged            ||    22

Table legend:
 A = Non-vault XP
 B = Vault XP
 C = Vault XP percentage of total XP
 D = Non-vault monster count
 E = Vault monster count
 F = Vault count percentage of total count
                 A         B        C        D         E       F
            +---------+---------+-------+---------+---------+-------
      Total |      24 |       0 |   0.0 |      13 |       0 |   0.0
            +---------+---------+-------+---------+---------+-------
        D:1 |      18 |       0 |   0.0 |      11 |       0 |   0.0
        D:2 |       6 |       0 |   0.0 |       2 |       0 |   0.0
            +---------+---------+-------+---------+---------+-------
